 Dungeon Crawl Stone Soup version 0.29-a0-359-g541a27f54d (webtiles) character file.

Game seed: 11572206229734484565

753 zeratav the Archer (level 7, -1/31 (40) HPs)
             Began as a Tengu Hunter on Apr 27, 2022.
             Slain by an orc wizard
             ... wielding a +2 dagger of draining
              (2 damage)
             ... on level 4 of the Dungeon.
             The game lasted 00:08:29 (4738 turns).

zeratav the Archer (Tengu Hunter)                   Turns: 4738, Time: 00:08:30

HP:   -1/31 (40)    AC:  5    Str: 11    XL:     7   Next: 79%
MP:   8/8           EV: 14    Int:  9    God:
Gold: 181           SH:  0    Dex: 20    Spells: 6/6 levels left

rFire   . . .      SeeInvis .   a - +1 shortbow {bow}
rCold   + . .      Faith    .   (shield currently unavailable)
rNeg    . . .      Spirit   .   C - +1 leather armour {rPois}
rPois   +          Reflect  .   (helmet restricted)
rElec   .          Harm     .   (no cloak)
rCorr   .          Rampage  .   x - +0 pair of gloves
Will    +....                   (boots unavailable)
Stlth   ++........              (no amulet)
HPRegen 0.10/turn               c - ring of protection from cold
MPRegen 0.11/turn               A - ring of willpower

@: flying quickly and evasively, heavily drained, quick
A: beak, talons 3, nimble flight
a: no special abilities


You were on level 4 of the Dungeon.
You visited 1 branch of the dungeon, and saw 5 of its levels.
You also visited: Ossuary.

You collected 181 gold pieces.


Innate Abilities, Weirdness & Mutations

You have a beak for a mouth.
You have claws for feet.
Your magical nature lets you fly swiftly and evasively.


   Skills:
 - Level 2.0 Fighting
 + Level 10.2 Bows
 - Level 2.1 Dodging
 - Level 1.0 Stealth


You had 6 spell levels left.
You didn't know any spells.
Your spell library was empty.

Inventory:

Hand Weapons
 a - a +1 shortbow (weapon) {bow}
 k - a +2 hand axe of flaming {axe}
   (You took it off Terence on level 2 of the Dungeon)
 E - a +2 halberd of freezing {polearm}
   (You took it off a gnoll on level 5 of the Dungeon)
Armour
 b - a +0 ring mail
   (You found it on level 4 of the Dungeon)
 q - a +0 leather armour
   (You found it on level 4 of the Dungeon)
 u - a +0 robe
   (You took it off an orc wizard on level 4 of the Dungeon)
 x - a +0 pair of gloves (worn)
   (You found it on level 3 of the Dungeon)
 y - a +0 leather armour
   (You took it off an orc on level 4 of the Dungeon)
 z - a +0 robe of willpower
   (You found it on level 4 of the Dungeon)
 C - a +1 leather armour of poison resistance (worn)
   (You found it on level 4 of the Dungeon)
 D - a +0 leather armour
   (You took it off an orc on level 4 of the Dungeon)
 J - a +0 leather armour
   (You took it off an orc on level 5 of the Dungeon)
Jewellery
 c - a ring of protection from cold (left hand)
   (You took it off a hobgoblin on level 2 of the Dungeon)
 o - an amulet of the acrobat
   (You found it on level 4 of the Dungeon)
 A - a ring of willpower (right hand)
   (You found it on level 4 of the Dungeon)
Wands
 m - a wand of digging (5)
   (You took it off Terence on level 2 of the Dungeon)
 s - a wand of flame (20)
   (You found it on level 2 of the Dungeon)
 v - a wand of mindburst (14)
   (You took it off Ijyb on level 3 of the Dungeon)
Scrolls
 e - 2 scrolls of magic mapping {unknown}
 f - 4 scrolls of teleportation {unknown}
 g - 3 scrolls of fog {unknown}
 i - 6 scrolls of identify {unknown}
 j - 2 scrolls of blinking {unknown}
 B - a scroll of noise {unknown}
 F - a scroll of vulnerability {unknown}
 H - a scroll of acquirement {unknown}
Potions
 d - 2 potions of heal wounds {unknown}
 h - a potion of berserk rage {unknown}
 l - a potion of lignification {unknown}
 n - a potion of ambrosia {unknown}
 p - a potion of degeneration {unknown}
 r - 2 potions of attraction {unknown}
 t - 2 potions of magic
 w - 3 potions of flight {unknown}
 G - 3 potions of curing {unknown}
 I - 3 potions of brilliance {unknown}

Dungeon Overview and Level Annotations

Branches:
Dungeon (5/15)            Ossuary (visited)
 Temple: D:4-7

Altars:
Makhleb

...................#....'.....#..
...................#....#.....#..
#'#................######.....#..
..#######+##..................#..
...#.......###'####...........#..
..##..............#...........#..
..##..............#...........###
..................'..............
.......##..##...@.#..............
.......##..#####{########........
...........#....)[.#....#........
..##.......+....>..#....#........
..########+#.......+....'........
..#................######........
..#..............................
###.........#+#####..............
............'.....#............>.


There were no monsters in sight!


Message History

Press: ? - help, Q - select action, (/) - cycle Shift-Dir - straight line, f/p - orc priest
Aim: an orc priest, wielding a +0 mace (heavily wounded, 69% to hit)
You shoot an arrow.
The arrow completely misses the orc priest.
The arrow hits the orc.
You kill the orc!
The orc wizard barely misses you. The orc priest hits you with a +0 mace.
* * * LOW HITPOINT WARNING * * *
HP[-5]
You take 5 damage, and now have 17/38 hp.
The orc wizard closely misses you.
The orc wizard gestures wildly while chanting.
The orc wizard flickers and vanishes!
Deactivating autopickup; reactivate with Ctrl-A.
Things that are here:
a +0 dagger {short}; an orc corpse; an adder corpse HP[+1]
The orc priest calls down the wrath of Beogh upon you.
You resist with some effort.
The orc priest mumbles some strange prayers to Beogh against you.
A magic dart appears from out of thin air!
The magic dart hits you.
* * * LOW HITPOINT WARNING * * *
HP[-4]
You take 4 damage, and now have 14/38 hp.
HP[+1]
A puff of flame appears from out of thin air!
The puff of flame hits you.
* * * LOW HITPOINT WARNING * * *
HP[-3]
You take 3 damage, and now have 12/38 hp.
Things that are here:
a +0 halberd {polearm}; a gnoll skeleton
There is a stone staircase leading up here.
You start resting.
An orc priest is nearby!
HP[+1] Shoot: a) +1 shortbow {bow}
Press: ? - help, Q - select action, (/) - cycle Shift-Dir - straight line, f/p - orc priest
Aim: an orc priest, wielding a +0 mace (moderately wounded, 69% to hit)
You shoot an arrow. The arrow hits the orc priest!
You kill the orc priest!
You now have 39 max hp (+1).
You start resting.
Something hits you but does no damage.
You feel drained.
HP[+1]
You now have 38 max hp (-1).
Something hits you but does no damage.
You feel drained.
You fly upwards.
Reactivating autopickup.
There is a stone staircase leading down here.
You now have 37 max hp (-1).
Shoot: a) +1 shortbow {bow}
Press: ? - help, Q - select action, (/) - cycle Shift-Dir - straight line You shoot an arrow.
Something hits you.
* * * LOW HITPOINT WARNING * * *
You feel drained.
Deactivating autopickup; reactivate with Ctrl-A.
HP[-3]
You now have 36 max hp (-1).
You take 3 damage, and now have 11/36 hp.
Shoot: a) +1 shortbow {bow}
Press: ? - help, Q - select action, (/) - cycle Shift-Dir - straight line, f - you
Okay, then.
Something hits you.
* * * LOW HITPOINT WARNING * * *
You feel drained.
* * * LOW HITPOINT WARNING * * *
You see here a +0 whip {mace}.
HP[-3]
You now have 35 max hp (-1).
You take 3 damage, and now have 8/35 hp.
There is an open door here.
Something is blocking the doorway!
Something hits you.
* * * LOW HITPOINT WARNING * * *
You feel drained.
* * * LOW HITPOINT WARNING * * *
HP[-3]
You now have 34 max hp (-1).
You take 3 damage, and now have 5/34 hp.
Shoot: a) +1 shortbow {bow}
Press: ? - help, Q - select action, (/) - cycle Shift-Dir - straight line You shoot an arrow.
Something hits you.
* * * LOW HITPOINT WARNING * * *
You feel drained.
HP[-3]
You now have 32 max hp (-2).
You take 3 damage, and now have 2/32 hp.
Shoot: a) +1 shortbow {bow}
Press: ? - help, Q - select action, (/) - cycle Shift-Dir - straight line You shoot an arrow.
Something hits you.
* * * LOW HITPOINT WARNING * * *
You feel drained.
HP[-1]
You now have 31 max hp (-1).
It was a potion of magic.
Magic courses through your body. Something hits you.
You die...

Skill      XL: |  1  2  3  4  5  6  7 |
---------------+----------------------+-----
Bows           | 5 6 7 8 10 | 10.2
Fighting       | |  2.0
Dodging        | |  2.1
Stealth        | |  1.0

Action                   |  1- 3 |  4- 6 |  7- 9 || total
-------------------------+-------+-------+-------++-------
 Fire: Shortbow          |    49 |   140 |   135 ||   324
  Use: Scroll            |       |     1 |       ||     1
       Potion            |       |       |     1 ||     1
Armor: Leather armour    |       |    12 |     8 ||    20
Dodge: Dodged            |     9 |    26 |    42 ||    77

Levels and vault maps discovered:
D:1:      minmay_arrival_four_loops, layout_basic
D:2:      minmay_chambers_of_twos, layout_loops_ring, basic_altar, uniq_terence,
          uniq_jessica, uniq_robin
D:3:      layout_basic, ebering_ecumenical_altar_box, grunt_decor_mini_mirrors,
          uniq_natasha, uniq_ijyb
D:4:      layout_gridville
D:5:      layout_cave_pools, nicolae_ossuary_entry_false_entrances

Notes
Turn   | Place    | Note
-------+----------+-------------------------------------------
     0 | D:1      | zeratav the Tengu Hunter began the quest for the Orb.
     0 | D:1      | Reached XP level 1. HP: 12/12 MP: 2/2
     3 | D:1      | magus.rc [v1.9.6]
   208 | D:1      | Reached XP level 2. HP: 16/17 MP: 3/3
   210 | D:1      | Reached skill level 5 in Bows
   764 | D:2      | Reached XP level 3. HP: 21/21 MP: 4/4
   765 | D:2      | Noticed Terence
   774 | D:2      | HP: 5/21 [Terence/+2 hand axe of flaming (6)]
   774 | D:2      | HP: 2/21 [Terence/+2 hand axe of flaming (3)]
   777 | D:2      | Killed Terence
   778 | D:2      | Reached skill level 6 in Bows
   778 | D:2      | Reached XP level 4. HP: 3/26 MP: 5/5
  1299 | D:2      | Noticed an ogre
  1303 | D:2      | Killed an ogre
  1304 | D:2      | Reached skill level 7 in Bows
  1304 | D:2      | Gained mutation: Your magical nature lets you fly swiftly
                  | and evasively. [Tengu growth]
  1304 | D:2      | Reached XP level 5. HP: 30/30 MP: 6/6
  1819 | D:2      | Noticed Robin
  1823 | D:2      | Killed Robin
  1850 | D:2      | Noticed Jessica
  1852 | D:2      | Killed Jessica
  1866 | D:2      | Found a burning altar of Makhleb.
  2025 | D:3      | Reached XP level 6. HP: 35/35 MP: 7/7
  2033 | D:3      | Noticed Ijyb
  2037 | D:3      | HP: 1/35 [disintegration (17)]
  2038 | D:3      | Killed Ijyb
  2391 | D:3      | Reached skill level 8 in Bows
  2530 | D:3      | Found a faded altar of an unknown god.
  2532 | D:3      | Noticed Natasha
  2534 | D:3      | Killed Natasha
  2547 | D:3      | Noticed Natasha
  2555 | D:3      | Killed Natasha
  2568 | D:3      | Noticed Natasha
  2573 | D:3      | Killed Natasha
  3709 | D:5      | Entered Level 5 of the Dungeon
  3797 | D:4      | Reached XP level 7. HP: 35/40 MP: 8/8
  3833 | D:5      | Reached skill level 9 in Bows
  3884 | D:5      | Found a sand-covered staircase.
  3900 | Ossuary  | Entered an ossuary
  4541 | Ossuary  | Reached skill level 10 in Bows
  4732 | D:4      | HP: 9/36 [something (2)]
  4736 | D:4      | HP: 2/34 [something (4)]
  4738 | D:4      | Slain by an orc wizard

Vanquished Creatures
  An ogre (D:2)
  3 water moccasin zombies (Ossuary)
  A gnoll shaman (D:4)
  An orc priest (D:5)
  Jessica (D:2)
  Ijyb (D:3)
  Natasha (thrice) (D:3)
  Terence (D:2)
  An orc wizard (D:4)
  2 mummies (Ossuary)
  Robin (D:2)
  5 gnolls
  7 adders
  A white imp (D:5)
  4 adder zombies (Ossuary)
  A worm (D:2)
  A dart slug (D:1)
  8 orcs
  6 ball pythons
  3 bats
  6 endoplasms
  3 giant cockroaches
  6 gnoll zombies (Ossuary)
  10 goblins
  4 hobgoblins
  A quokka (D:2)
  3 frilled lizards
  3 hobgoblin zombies (Ossuary)
  8 kobolds
  3 kobold zombies (Ossuary)
  5 orc zombies (Ossuary)
  6 rats
110 creatures vanquished.

Table legend:
 A = Non-vault XP
 B = Vault XP
 C = Vault XP percentage of total XP
 D = Non-vault monster count
 E = Vault monster count
 F = Vault count percentage of total count
                 A         B        C        D         E       F
            +---------+---------+-------+---------+---------+-------
      Total |     568 |     509 |  47.3 |      63 |      47 |  42.7
            +---------+---------+-------+---------+---------+-------
        D:1 |      31 |       0 |   0.0 |      18 |       0 |   0.0
        D:2 |     167 |     116 |  41.0 |      14 |      19 |  57.6
        D:3 |     127 |      72 |  36.2 |      10 |       2 |  16.7
        D:4 |     105 |       0 |   0.0 |       9 |       0 |   0.0
        D:5 |     138 |       0 |   0.0 |      12 |       0 |   0.0
    Ossuary |       0 |     321 | 100.0 |       0 |      26 | 100.0
            +---------+---------+-------+---------+---------+-------

Illustrated notes

Table legend:
 A = Kills in this place as a percentage of kills in entire the game.
 B = Kills by you in this place as a percentage of kills by you in the entire game.
 C = Kills by friends in this place as a percentage of kills by friends in the entire game.
 D = Other kills in this place as a percentage of other kills in the entire game.
 E = Experience gained in this place as a percentage of experience gained in the entire game.
 F = Experience gained in this place divided by the number of levels of this place that you have seen.
                   A       B       C       D       E      F
               +-------+-------+-------+-------+-------+----------------------
         Total | 100.0 | 100.0 |   N/A |   N/A | 100.0 | 179.5
       Dungeon |  76.4 |  76.4 |   N/A |   N/A |  70.2 | 151.2
       Ossuary |  23.6 |  23.6 |   N/A |   N/A |  29.8 | 321.0
               +-------+-------+-------+-------+-------+----------------------

Table legend: (Time is in decaauts)
 A = Elapsed time spent in this place.
 B = Non-inter-level travel time spent in this place.
 C = Inter-level travel time spent in this place.
 D = Time resting spent in this place.
 E = Time spent auto-exploring this place.
 F = Levels seen in this place.
 G = Mean time per level.
                   A        B        C        D        E       F      G
               +--------+--------+--------+--------+--------+-----+--------+
         Total |   4612 |   4497 |    115 |   1042 |   2697 |   6 |  768.7 |
       Dungeon |   3923 |   3808 |    115 |    634 |   2678 |   5 |  784.6 |
       Ossuary |    688 |    688 |      0 |    408 |     18 |   1 |  688.0 |
               +--------+--------+--------+--------+--------+-----+--------+

Top non-repeatable levels by time:
     D:2: 1251 daAuts
     D:3: 900 daAuts
     D:4: 814 daAuts
     D:1: 756 daAuts
 Ossuary: 688 daAuts
     D:5: 200 daAuts
